 Dungeon Crawl Stone Soup version 0.32-a0-616-g9348d4545b (webtiles) character file.

Game seed: 17884260347894150340

1166 Drazool the Skirmisher (level 8, -3/53 (56) HPs)
             Began as a Coglin Hunter on Mar 5, 2024.
             Was a Follower of Qazlal.
             Slain by a killer bee (6 damage)
             ... on level 6 of the Dungeon.
             The game lasted 00:14:18 (3260 turns).

Drazool the Skirmisher (Coglin Hunter)              Turns: 3260, Time: 00:14:19

HP:   -3/53 (56)    AC:  4    Str:  9 (11) XL:     8   Next: 40%
MP:   0/0           EV: 11    Int: 14 (16) God:    Qazlal [*.....]
Gold: 176           SH:  1    Dex: 18 (20) Spells: 7/7 levels left

rFire   + . .        a - +2 sling {Otto}
rCold   + . .        j - +0 sling of the Dove {elec, Fly MP-9 Int+7}
rNeg    . . .        c - +0 leather armour
rPois   +            (no helmet)
rElec   +            (no cloak)
rCorr   +            e - +0 pair of gloves
SInv    .            (no boots)
Will    .....        (amulet unavailable)
Stlth   ++           (ring unavailable)
HPRegen 0.28/turn    (ring unavailable)
MPRegen 0.07/turn    (no gizmo)

%: no passive effects
@: resistant, flying, drained
A: off-hand wielding, slow wielding, warmup strikes, no jewellery
a: Invent Gizmo, Renounce Religion


You were on level 6 of the Dungeon.
You worshipped Qazlal.
Qazlal was aware of your devotion.
You visited 2 branches of the dungeon, and saw 7 of its levels.

You collected 176 gold pieces.


Innate Abilities, Weirdness & Mutations

You can wield a second weapon in your off-hand.
It takes a long time for you to wield or remove held weapons.
Your first few attacks do less damage.
You cannot equip rings or amulets.


   Skills:
 - Level 2.0 Fighting
 + Level 9.7 Ranged Weapons
 - Level 1.7 Dodging
 - Level 0.7 Stealth


You had 7 spell levels left.
You didn't know any spells.
Your spell library contained the following spells:

 Spells                   Type           Power      Damage    Failure   Level
 Cigotuvi's Dreadful Rot  Necr/Alch/Air  0%         N/A       52%         2
 Static Discharge         Conj/Air       0%         3-3/arc   52%         2
 Tukima's Dance           Hex            0%         N/A       77%         3
 Airstrike                Air            0%         2d(0-16)  99%         4
 Dimensional Bullseye     Hex/Tloc       0%         N/A       99%         4
 Ignite Poison            Fire/Alch      0%         N/A       99%         4
 Iskenderun's Mystic Bla  Conj/Tloc      0%         2d3       99%         4
 Summon Lightning Spire   Summ/Air       0%         N/A       99%         4
 Freezing Cloud           Conj/Ice/Air   0%         6-21      100%        5

Inventory:

Hand Weapons
 a - a +2 sling (weapon) {Otto}
 d - a +0 sling {Nenetl}
 j - the +0 sling of the Dove (offhand) {elec, Fly MP-9 Int+7}
   (You took it off a kobold on level 2 of the Dungeon)

   Int+7:     It affects your intelligence (+7).
   MP-9:      It affects your magic capacity (-9).
   Fly:       It grants you flight.
Missiles
 B - a throwing net {=f}
Armour
 c - a +0 leather armour (worn)
 e - a +0 pair of gloves (worn)
 p - a +2 helmet
Wands
 h - a wand of charming (23)
 k - a wand of iceblast (18)
 C - a wand of polymorph (9)
Scrolls
 f - 2 scrolls of enchant armour {unknown}
 g - 2 scrolls of immolation {unknown}
 i - 5 scrolls of identify {@r1}
 l - a scroll of noise {unknown}
 q - a scroll of summoning {unknown}
 w - 4 scrolls of brand weapon
 x - 2 scrolls of enchant weapon {unknown}
 y - a scroll of amnesia {unknown}
 z - a scroll of poison {unknown}
 D - a scroll of torment {unknown}
 E - a scroll of teleportation {unknown}
Potions
 m - 2 potions of might {unknown}
 n - a potion of mutation {unknown}
 o - 2 potions of degeneration
 r - a potion of ambrosia {unknown}
 s - 2 potions of resistance
 t - 2 potions of curing {@q1}
 u - a potion of cancellation {unknown}
 v - a potion of heal wounds {unknown}
 A - a potion of brilliance {unknown}

Dungeon Overview and Level Annotations

Branches:
Dungeon (6/15)             Temple (1/1) D:4

Altars:
Ashenzari
Cheibriados
Elyvilon
Gozag
Hepliaklqana
Kikubaaqudgha
Makhleb
Nemelex Xobeh
Qazlal
Ru
Sif Muna
Trog
Uskayaw
Vehumet
Wu Jian
Yredelemnul
Zin
The Shining One

Shops:
D:4 *

Annotations:
D:6 Eustachio

.....)..)..'......#. ...
#.......##......#. ...
#.......#.......#. ....
▒###'###▒.......'. .....
#.......#.......#.
....##.......##......#.
^....................#.
...##.........##...##▒.
' #.y@........#.#'#... .
▒##yy.....##▒##..... ..
#.#y#.(.#'#.#.......
...##...##▒##...##......
...'..5b..#......+......
..##..b@by#......##.....
#..bbbb.#.......#.....
▒b...b..........▒.....
#....b..#.......#...#.


You could see Eustachio (ally target), 4 killer bees and a quasit (summoned).


Message History

Your butterfly dies!
Your butterfly disappears in a burst of colours!
The killer bee stings your butterfly.
Your butterfly dies!
Your butterfly disappears in a burst of colours!
The killer bee stings your butterfly.
Your butterfly dies!
Your butterfly disappears in a burst of colours!
The killer bee attacks as it pursues you!
The killer bee misses you.
Eustachio gestures wildly while chanting.
You hear a distant slurping noise.
The killer bee misses you.
Unknown command.
It was a potion of degeneration.
There was something very wrong with that liquid.
You feel weakened.
You feel dopey.
You feel clumsy. The killer bee stings your butterfly.
Your butterfly dies!
Your butterfly disappears in a burst of colours!
The killer bee stings you.
* * * LOW HITPOINT WARNING * * *
It was a potion of resistance.
You feel protected. The killer bee stings you.
* * * LOW HITPOINT WARNING * * *
The killer bee stings you.
* * * LOW HITPOINT WARNING * * *
The killer bee stings you.
You die...

Skill      XL: |  1  2  3  4  5  6  7  8 |
---------------+-------------------------+-----
Ranged Weapons | 4 5 6 7 8 9 |  9.7
Fighting       | |  2.0
Dodging        | |  1.7
Stealth        | |  0.7

Action                     |  1- 3 |  4- 6 |  7- 9 || total
---------------------------+-------+-------+-------++-------
   Fire: Sling             |   174 |   184 |   174 ||   532
  Evoke: Wand              |       |       |     2 ||     2
    Use: Potion            |       |       |     3 ||     3
         Scroll            |       |       |     2 ||     2
 Armour: Leather armour    |     7 |     7 |    22 ||    36
  Dodge: Dodged            |    11 |    11 |    12 ||    34
  Block: Other             |       |       |     1 ||     1

Levels and vault maps discovered:
D:1:      dpeg_arrival_houses_and_road, layout_basic
D:2:      minmay_general_purpose_star, layout_basic, uniq_robin
D:3:      layout_rooms, hellmonk_ecumenical_altar_crossroads, minivault_26
D:4:      layout_rooms, slow_altar_1, nicolae_sif_muna_little_library,
          minmay_temple_entry_water_ring, nicolae_elemental_shop, minivault_14
D:5:      layout_rooms
D:6:      nicolae_cairo_tiling_very_big, layout_rooms,
          nicolae_overflow_hidden_temple, minmay_chambers_of_fives,
          uniq_sigmund, uniq_eustachio
Temple:   nicolae_temple_elliptical

Notes
Turn   | Place    | Note
-------+----------+-------------------------------------------
     0 | D:1      | Drazool the Coglin Hunter began the quest for the Orb.
     0 | D:1      | Reached XP level 1. HP: 16/16 MP: 1/1
   127 | D:1      | Reached skill level 4 in Ranged Weapons
   127 | D:1      | Reached XP level 2. HP: 22/22 MP: 2/2
   593 | D:2      | Reached XP level 3. HP: 27/27 MP: 3/3
   879 | D:2      | Identified the +0 sling of the Dove {elec, Fly MP-9 Int+7}
  1058 | D:2      | Noticed Robin
  1100 | D:2      | Killed Robin
  1101 | D:2      | Reached skill level 5 in Ranged Weapons
  1101 | D:2      | Reached XP level 4. HP: 33/33 MP: 0/4
  1399 | D:3      | Reached XP level 5. HP: 38/38 MP: 0/5
  1576 | D:3      | Found a faded altar of an unknown god.
  1587 | D:3      | Reached skill level 6 in Ranged Weapons
  1768 | D:4      | Found a staircase to the Ecumenical Temple.
  1778 | Temple   | Entered the Ecumenical Temple
  1841 | Temple   | Became a worshipper of Qazlal Stormbringer
  1885 | D:4      | Reached XP level 6. HP: 39/44 MP: 0/6
  1991 | D:4      | Identified the +4 dagger of Kygroc {drain, rPois Int+2
                  | Stlth+}
  2001 | D:4      | Found a snail-covered altar of Cheibriados.
  2044 | D:4      | Reached skill level 7 in Ranged Weapons
  2086 | D:4      | Found Fierasyu's Elemental Accessories.
  2260 | D:4      | Found a shimmering blue altar of Sif Muna.
  2388 | D:5      | Entered Level 5 of the Dungeon
  2517 | D:5      | Reached XP level 7. HP: 48/50 MP: 0/7
  2668 | D:5      | Reached skill level 8 in Ranged Weapons
  2899 | D:6      | Noticed Sigmund
  2949 | D:6      | Killed Sigmund
  2984 | D:6      | Reached * piety under Qazlal
  3067 | D:6      | Reached XP level 8. HP: 56/56 MP: 0/8
  3090 | D:6      | Reached skill level 9 in Ranged Weapons
  3244 | D:6      | Noticed Eustachio
  3259 | D:6      | HP: 5/53 [killer bee (5)]
  3260 | D:6      | Identified 3 potions of resistance
  3260 | D:6      | Slain by a killer bee

Vanquished Creatures
  Sigmund (D:6)
  An orc warrior (D:6)
  3 phantoms
  3 bombardier beetles
  4 orc priests
  3 hounds
  2 iguanas
  2 orc wizards
  Robin (D:2)
  5 adders
  12 gnolls
  A white imp (D:6)
  2 ufetubi (D:5)
  4 ribbon worms
  13 orcs
  4 endoplasms
  5 giant cockroaches
  10 goblins
  10 hobgoblins
  2 jackals (D:3)
  2 quokkas
  7 ball pythons
  4 bats
  3 frilled lizards
  5 kobolds
  5 rats
114 creatures vanquished.

Table legend: (Time is in decaauts)
 A = Elapsed time spent in this place.
 B = Non-inter-level travel time spent in this place.
 C = Inter-level travel time spent in this place.
 D = Time resting spent in this place.
 E = Time spent auto-exploring this place.
 F = Levels seen in this place.
 G = Mean time per level.
                   A        B        C        D        E       F      G
               +--------+--------+--------+--------+--------+-----+--------+
         Total |   3292 |   3131 |    161 |      0 |   2415 |   7 |  470.3 |
       Dungeon |   3206 |   3067 |    139 |      0 |   2415 |   6 |  534.3 |
        Temple |     85 |     63 |     22 |      0 |      0 |   1 |   85.0 |
               +--------+--------+--------+--------+--------+-----+--------+

Top non-repeatable levels by time:
     D:2: 756 daAuts
     D:4: 572 daAuts
     D:1: 516 daAuts
     D:5: 514 daAuts
     D:3: 486 daAuts
     D:6: 360 daAuts
  Temple: 85 daAuts

Table legend:
 A = Non-vault XP
 B = Vault XP
 C = Vault XP percentage of total XP
 D = Non-vault monster count
 E = Vault monster count
 F = Vault count percentage of total count
                 A         B        C        D         E       F
            +---------+---------+-------+---------+---------+-------
      Total |    1239 |     428 |  25.7 |      94 |      20 |  17.5
            +---------+---------+-------+---------+---------+-------
        D:1 |      29 |       0 |   0.0 |      19 |       0 |   0.0
        D:2 |      24 |      42 |  63.6 |      13 |      15 |  53.6
        D:3 |     176 |       0 |   0.0 |      17 |       0 |   0.0
        D:4 |     204 |       4 |   1.9 |      11 |       1 |   8.3
        D:5 |     387 |       0 |   0.0 |      16 |       0 |   0.0
        D:6 |     419 |     382 |  47.7 |      18 |       4 |  18.2
            +---------+---------+-------+---------+---------+-------
